 Dungeon Crawl Stone Soup version 0.30-a0-719-gcc4359ea44 (console) character file.

Game seed: 14527705348774572886

518 Banquo the Magician (level 7, 0/49 HPs)
             Began as a Djinni Earth Elementalist on Jan 26, 2023.
             Hit by a boomerang thrown by a gnoll sergeant (12 damage)
             ... on level 5 of the Dungeon.
             The game lasted 00:17:03 (3709 turns).

Banquo the Magician (Djinni Earth Elementalist)     Turns: 3709, Time: 00:17:04

Health: 0/49       AC:  4    Str:  7    XL:     7   Next: 45%
Gold:   195        EV: 13    Int: 18    God:
                   SH:  0    Dex: 14

rFire   + + .      SeeInvis .    x - +0 spear
rCold   x . .      Faith    .    (no shield)
rNeg    . . .      Spirit   .    a - +0 robe
rPois   ∞          Reflect  .    t - +0 helmet
rElec   .          Harm     .    m - +0 cloak
rCorr   .          Rampage  .    (no gloves)
Will    +....                    (boots unavailable)
Stlth   ++                       (no amulet)
HPRegen 0.28/turn                j - ring of willpower
MPRegen 0.00/turn                (no ring)

@: flying
A: sickness immunity, fire resistance 2, cold vulnerability 1, float, innate
caster, HP casting, extra vitality 1
a: no special abilities


You were on level 5 of the Dungeon.
You visited 1 branch of the dungeon, and saw 5 of its levels.

You collected 195 gold pieces.

Inventory:

Hand Weapons
 f - a +0 whip
 s - a +0 war axe
 u - a +0 short sword
 x - a +0 spear (weapon)
Missiles
 h - 10 boomerangs
 q - a throwing net
Armour
 a - a +0 robe (worn)
 i - a +0 buckler
 m - a +0 cloak (worn)
 t - a +0 helmet (worn)
Jewellery
 c - an amulet of guardian spirit
 j - a ring of willpower (left hand)
Scrolls
 g - a scroll of fog {unknown}
 k - a scroll of silence {unknown}
 l - a scroll of teleportation {unknown}
 n - a scroll of noise {unknown}
 p - 2 scrolls of blinking {unknown}
 r - 2 scrolls of immolation {unknown}
 v - 3 scrolls of identify {unknown}
Potions
 b - 4 potions of magic
 d - 2 potions of lignification {unknown}
 e - 2 potions of curing {unknown}
 o - 2 potions of attraction {unknown}
 w - 2 potions of berserk rage {unknown}
 z - a potion of haste {unknown}
 A - a potion of cancellation {unknown}


   Skills:
 * Level 2.8 Fighting
 * Level 3.2 Dodging
 - Level 1.5 Stealth
 * Level 1.8 Shields
 + Level 5.1 Spellcasting


You couldn't memorise any spells.
You knew the following spells:

 Your Spells              Type           Power      Damage    Failure   Level
a - Sandblast             Erth           46%        2d11      1%          1
c - Stone Arrow           Conj/Erth      46%        3d9       4%          3
e - Necrotise             Necr           92%        1d8       1%          1
g - Summon Guardian Gole  Hex/Summ       23%        N/A       4%          3
m - Momentum Strike       Conj/Tloc      46%        3d9       2%          2
p - Passwall              Tmut/Erth      19%        N/A       2%          2
P - Petrify               Tmut/Erth      23%        N/A       16%         4
Your spell library was empty.

Dungeon Overview and Level Annotations

Branches:
Dungeon (5/15)
 Temple: D:4-7

Altars:
Gozag
Uskayaw
Wu Jian
Yredelemnul
Zin
The Shining One

Shops:
D:1 ?*?**   D:4 :


Innate Abilities, Weirdness & Mutations

You are immune to sickness and miasma.
You are immune to poison.
Your flesh is very heat resistant. (rF++)
You are vulnerable to cold. (rC-)
You float through the air rather than walking.
You learn spells naturally, not from books.
Your magical power is your life essence.
You have superior vitality. (+4 MHP)


Message History

The gnoll sergeant is heavily wounded.
Aiming: Sandblast (safe; 1% risk of failure)
Press: ? - help, Q - select action, (/) - cycle Shift-Dir - straight line, f/p - gnoll sergeant
Aim: a gnoll sergeant, wielding a +0 trident, wearing a +0 scale mail and quivering boomerangs (heavily wounded, 87% to hit)
The blast of sand misses the gnoll sergeant.
Aiming: Sandblast (safe; 1% risk of failure)
Press: ? - help, Q - select action, (/) - cycle Shift-Dir - straight line, f/p - gnoll sergeant
Aim: a gnoll sergeant, wielding a +0 trident, wearing a +0 scale mail and quivering boomerangs (heavily wounded, 87% to hit)
The blast of sand hits the gnoll sergeant but does no damage.
The gnoll sergeant is heavily wounded.
Aiming: Sandblast (safe; 1% risk of failure)
Press: ? - help, Q - select action, (/) - cycle Shift-Dir - straight line, f/p - gnoll sergeant
Aim: a gnoll sergeant, wielding a +0 trident, wearing a +0 scale mail and quivering boomerangs (heavily wounded, 87% to hit)
The blast of sand hits the gnoll sergeant!
The gnoll sergeant is severely wounded.
Aiming: Sandblast (safe; 1% risk of failure)
Press: ? - help, Q - select action, (/) - cycle Shift-Dir - straight line, f/p - gnoll sergeant
Aim: a gnoll sergeant, wielding a +0 trident, wearing a +0 scale mail and quivering boomerangs (severely wounded, 87% to hit)
The blast of sand hits the gnoll sergeant.
The gnoll sergeant is almost dead.
Aiming: Sandblast (safe; 1% risk of failure)
Press: ? - help, Q - select action, (/) - cycle Shift-Dir - straight line, f/p - gnoll sergeant
Aim: a gnoll sergeant, wielding a +0 trident, wearing a +0 scale mail and quivering boomerangs (almost dead, 87% to hit)
The blast of sand hits the gnoll sergeant but does no damage.
The gnoll sergeant is almost dead.
The gnoll sergeant throws a boomerang.
The boomerang hits you.
The gnoll sergeant throws a boomerang.
The boomerang hits you!
* * * LOW HITPOINT WARNING * * *
Press: ? - help, v - describe, . - travel, g - get item
Here: a gnoll sergeant, wielding a +0 trident, wearing a +0 scale mail and quivering boomerangs (almost dead)
Items here: a +0 spear; a gnoll corpse.
The floor.
Casting: Sandblast (safe; 1% risk of failure)
Confirm with . or Enter, or press ? or * to list all spells.
A guardian golem appears, shielding your allies.
* * * LOW HITPOINT WARNING * * *
You swap places.
The gnoll sergeant throws a boomerang.
The boomerang completely misses your guardian golem.
The boomerang hits you!
You die...

.. . ####
############## .#
##...#
#..9..g)......
.##.....
#.@####...#### ##
......##. ##.##
.()...#
..##......#.##..#
..(...#
.8.#............#
......##..#
...#<.........#.#
......##..#
..............#.#
)..#####..#
...#.........#..#
...' #..#
.8.#...####.....#
#..#
..###...........#
#..#


You could see a gnoll sergeant (ally target) and a friendly guardian golem
(summoned).

Vanquished Creatures
  A phantom (D:3)
  A gnoll bouda (D:5)
  A jelly (D:4)
  An iguana (D:4)
  12 gnolls
  5 adders
  An ufetubus (D:4)
  3 worms
  2 dart slugs (D:1)
  8 orcs (D:4)
  4 ball pythons
  2 endoplasms
  6 giant cockroaches
  9 goblins
  5 hobgoblins
  5 jackals
  6 kobolds
  3 quokkas
  14 bats
  6 frilled lizards
  6 rats
101 creatures vanquished.

Vanquished Creatures (others)
  2 hounds (D:5)
  2 gnolls (D:5)
4 creatures vanquished.

Grand Total: 105 creatures vanquished

Notes
Turn   | Place    | Note
-------+----------+-------------------------------------------
     0 | D:1      | Banquo the Djinni Earth Elementalist began the quest for
                  | the Orb.
     0 | D:1      | Banquo set off with the following spells memorised:
                  | Sandblast, Passwall, Stone Arrow, Petrify.
     0 | D:1      | Reached XP level 1. HP: 15/15 MP: 0/0
   123 | D:1      | Found Weqahud's General Store.
   130 | D:1      | Found Wociol's General Store.
   172 | D:1      | Reached XP level 2. HP: 22/22 MP: 0/0
   267 | D:1      | Found Nupegym's Magic Scroll Shop.
   270 | D:1      | Found Tetuos's General Store.
   297 | D:1      | Reached skill level 3 in Spellcasting
   385 | D:1      | Reached XP level 3. HP: 25/26 MP: 0/0
   385 | D:1      | Learned a level 1 spell: Necrotise
   419 | D:1      | Found Ofoullus's Magic Scroll Shop.
   441 | D:1      | Reached skill level 1 in Fighting
   532 | D:1      | Found a faded altar of an unknown god.
   869 | D:2      | Reached XP level 4. HP: 31/32 MP: 0/0
  1738 | D:3      | Reached XP level 5. HP: 35/37 MP: 0/0
  1738 | D:3      | Learned a level 2 spell: Momentum Strike
  2097 | D:3      | Found a hide-covered altar of Uskayaw.
  2438 | D:4      | Found Faicraef's Book Emporium.
  2497 | D:4      | Reached skill level 4 in Spellcasting
  2861 | D:4      | Found a basalt altar of Yredelemnul.
  2866 | D:4      | Found a glowing golden altar of the Shining One.
  2868 | D:4      | Noticed an angel
  2979 | D:4      | Noticed a phantom
  2990 | D:3      | Killed a phantom
  2991 | D:3      | Reached skill level 1 in Shields
  2991 | D:3      | Reached XP level 6. HP: 27/43 MP: 0/0
  3085 | D:4      | Found an ornate altar of the Wu Jian Council.
  3344 | D:5      | Entered Level 5 of the Dungeon
  3344 | D:5      | Found an opulent altar of Gozag.
  3425 | D:5      | Found a glowing silver altar of Zin.
  3547 | D:5      | Reached XP level 7. HP: 47/49 MP: 0/0
  3547 | D:5      | Learned a level 3 spell: Summon Guardian Golem
  3560 | D:5      | Reached skill level 5 in Spellcasting
  3709 | D:5      | Hit by a boomerang thrown by a gnoll sergeant

Illustrated notes

Levels and vault maps discovered:
D:1:      grunt_arrival_crossed_arrows, layout_rooms,
          hellmonk_ecumenical_altar_lost_god, serial_shops, shop, shop,
          nicolae_shop_hallway_plus, shop, shop, hangedman_feature_mirror,
          minmay_heptomino_w4
D:2:      layout_loops_ring
D:3:      layout_loops_ring, lemuel_blue_sif_altar,
          nicolae_overflow_hidden_temple
D:4:      layout_basic, grunt_temple_overflow_holy_war,
          mainiacjoe_overflow_brackets, serial_shops,
          nicolae_shop_temple_entry_statues_fountains, minmay_stone_trees_large,
          kennysheep_small_circle
D:5:      layout_cave_pools, grunt_gozag_statues, mainiacjoe_overflow_alcove_1,
          nicolae_ru_the_path_less_chosen, minmay_temple_entry_hall,
          serial_gnoll_camp, gnoll_camp_mini_house, gnoll_camp_huts_moat,
          gnoll_camp_medium_02, gnoll_camp_mini_hut, gnoll_camp_mini_sergeant,
          minmay_shop_damaged, minmay_misc_feat_chi, chequers_garden

Skill      XL: |  1  2  3  4  5  6  7 |
---------------+----------------------+-----
Spellcasting   | 3 4 5 |  5.1
Fighting       | 1 2 |  2.8
Shields        | 1 |  1.8
Dodging        | 3 |  3.2
Stealth        | |  1.5

Action                     |  1- 3 |  4- 6 |  7- 9 || total
---------------------------+-------+-------+-------++-------
   Cast: Sandblast         |    50 |   123 |    26 ||   199
         Passwall          |       |     3 |       ||     3
         Summon Guardian G |       |       |     4 ||     4
 Armour: Robe              |     6 |    14 |     1 ||    21
  Dodge: Dodged            |    14 |    36 |     9 ||    59

Table legend: (Time is in decaauts)
 A = Elapsed time spent in this place.
 B = Non-inter-level travel time spent in this place.
 C = Inter-level travel time spent in this place.
 D = Time resting spent in this place.
 E = Time spent auto-exploring this place.
 F = Levels seen in this place.
 G = Mean time per level.
                   A        B        C        D        E       F      G
               +--------+--------+--------+--------+--------+-----+--------+
         Total |   3810 |   3271 |    539 |    127 |   2180 |   5 |  762.0 |
       Dungeon |   3810 |   3271 |    539 |    127 |   2180 |   5 |  762.0 |
               +--------+--------+--------+--------+--------+-----+--------+

Top non-repeatable levels by time:
     D:3: 1019 daAuts
     D:2: 944 daAuts
     D:4: 864 daAuts
     D:1: 710 daAuts
     D:5: 271 daAuts
